Map: Blueshift LE

Players

Reynor - Winner!

  • Race: Zerg Zerg
  • League: Grandmaster
  • Spawn Location: 1:00

Bunny

  • Race: Terran Terran
  • League: Diamond
  • Spawn Location: 7:00

Event: IEM Season 13 - Katowice Server Qualifiers Europe

VOD

Have the link to the VOD?

Description

Time

  • Played on: Jan. 8, 2019, 10:31 a.m.
  • Length: 15:36

All games in this series

Show
View Real Time Build Order
Export as new Build Order

Reynor Zerg - Winner!

Build Orders: Hatch First, Muta Ling Bane 

Get SALT Encoding   

  12  0:00  Drone  
  13  0:13  Overlord  
  13  0:18  Drone  
  14  0:31  Drone x2  
  16  0:49  Hatchery  
  15  0:52  Drone  
  15  0:55  Drone  
  17  1:00  Drone  
  18  1:10  Extractor  
  17  1:15  Spawning Pool  
  17  1:17  Drone  
  17  1:21  Drone  
  18  1:29  Drone  
  19  1:39  Drone  
  20  1:49  Overlord  
  20  2:01  Queen  
  20  2:02  Zergling x4  
  20  2:03  Queen  
  26  2:11  Drone  
  26  2:12  Drone  
  26  2:13  Metabolic Boost  
  28  2:22  Drone x2  
  30  2:34  Drone x2  
  32  2:37  Queen  
  34  2:44  Overlord  
  34  2:46  Drone  
  35  2:51  Pneumatized Carapace  
  35  2:54  Drone  
  36  3:00  Overlord  
  36  3:04  Drone  
  36  3:05  Drone  
  38  3:08  Drone  
  38  3:09  Drone  
  40  3:23  Drone x3  
  40  3:24  Hatchery  
  42  3:28  Queen  
  42  3:31  Zergling x2  
  42  3:32  Zergling x2  
  46  3:38  Queen  
  48  3:42  Overlord  
  48  3:47  Baneling Nest  
  47  3:52  Drone x2  
  49  3:56  Drone x3  
  52  4:04  Overlord  
  52  4:05  Zergling x6  
  52  4:07  Drone  
  56  4:13  Extractor, Zergling x2  
  56  4:17  Overlord  
  56  4:21  Queen  
  56  4:22  Zergling x4  
  60  4:31  Baneling  
  60  4:32  Baneling x2  
  60  4:35  Overlord  
  60  4:37  Queen, Drone x4  
  66  4:43  Zergling x2  
  69  4:45  Zergling x6  
  69  4:47  Overlord  
  70  4:54  Drone x2  
  70  4:55  Spore Crawler, Drone x2  
  73  5:00  Spore Crawler  
  73  5:01  Drone  
  73  5:02  Drone  
  73  5:06  Overlord, Spore Crawler  
  73  5:07  Drone  
  74  5:15  Zergling x4  
  74  5:17  Overlord  
  74  5:18  Drone  
  74  5:19  Queen  
  79  5:23  Baneling x4  
  79  5:26  Drone x2  
  79  5:28  Drone  
  79  5:40  Drone x6  
  81  5:44  Overlord  
  81  5:45  Drone  
  80  5:51  Overlord  
  80  5:52  Drone x2  
  82  5:58  Lair, Evolution Chamber, Drone x3  
  82  6:00  Overlord  
  84  6:05  Drone  
  84  6:07  Evolution Chamber  
  84  6:12  Drone  
  84  6:13  Overlord  
  84  6:14  Extractor  
  84  6:18  Drone x6  
  86  6:22  Drone x2  
  86  6:23  Drone  
  86  6:24  Drone x2  
  95  6:27  Zerg Ground Armor Level 1  
  95  6:29  Zergling x4  
  95  6:30  Zergling x4  
  99  6:35  Overlord  
  99  6:36  Drone  
  100  6:42  Zerg Melee Weapons Level 1  
  100  6:43  Extractor  
  100  6:46  Zergling x2  
  100  6:47  Zergling x8  
  103  6:53  Extractor  
  103  6:54  Extractor, Drone  
  104  6:55  Centrifical Hooks  
  104  6:59  Zergling x4  
  105  7:03  Zergling x6  
  105  7:08  Zergling x6  
  105  7:14  Hatchery  
  105  7:15  Baneling x3  
  105  7:16  Baneling x2  
  105  7:17  Drone x3  
  105  7:19  Spire  
  105  7:20  Zergling x4  
  109  7:24  Queen, Zergling x2  
  109  7:27  Baneling x2  
  108  7:32  Zergling x4  
  108  7:33  Overlord  
  103  7:42  Drone x2  
  103  7:43  Drone x2  
  103  7:45  Overlord  
  103  7:48  Drone x3  
  105  7:54  Drone x5  
  105  7:55  Drone  
  105  7:57  Drone  
  112  8:07  Zergling x6  
  114  8:17  Zergling x4  
  114  8:23  Queen  
  114  8:27  Overlord  
  114  8:29  Drone x8  
  114  8:30  Zerg Ground Armor Level 2  
  122  8:36  Overlord  
  122  8:37  Overlord  
  122  8:38  Zerg Flyer Weapons Level 1  
  122  8:44  Extractor  
  122  8:48  Overlord, Baneling x4  
  121  8:52  Zerg Melee Weapons Level 2  
  121  8:53  Hatchery  
  121  8:54  Hatchery, Baneling x3  
  118  8:55  Mutalisk  
  118  8:56  Mutalisk x6  
  118  9:01  Zergling x12  
  138  9:03  Baneling x6  
  138  9:05  Queen, Zergling x6  
  143  9:12  Zergling x10  
  148  9:17  Mutalisk  
  148  9:19  Overlord x2  
  148  9:21  Overlord  
  150  9:28  Baneling x9  
  150  9:31  Overlord  
  150  9:38  Zergling x22  
  154  9:42  Zergling x2  
  154  9:44  Mutalisk x2  
  164  9:47  Zergling x2  
  164  9:48  Zergling x6  
  164  9:51  Queen  
  164  9:56  Zergling x6  
  164  9:58  Zergling x6  
  164  9:59  Mutalisk x3, Zergling x2  
  151  10:06  Baneling x8  
  151  10:10  Zergling x8  
  151  10:15  Zergling x6  
  151  10:18  Queen, Drone x4  
  151  10:19  Mutalisk x2  
  151  10:21  Baneling  
  162  10:25  Zergling x10  
  162  10:26  Overlord  
  162  10:27  Queen  
  169  10:30  Baneling x2  
  169  10:31  Baneling x4  
  169  10:33  Zergling x2  
  169  10:34  Zergling x10  
  169  10:35  Baneling x2  
  173  10:36  Baneling  
  173  10:39  Overlord  
  173  10:45  Spore Crawler  
  172  10:50  Zerg Flyer Weapons Level 2  
  172  10:59  Zergling x2  
  172  11:00  Zergling x22  
  172  11:02  Drone  
  185  11:05  Infestation Pit  
  185  11:08  Mutalisk x3  
  185  11:11  Zergling x18  
  191  11:15  Overlord  
  191  11:17  Baneling x7  
  199  11:22  Overlord  
  199  11:24  Overlord  
  199  11:31  Baneling x3  
  199  11:32  Baneling  
  197  11:41  Hive  
  197  11:44  Baneling x2  
  197  11:45  Baneling x4  
  197  11:48  Extractor  
  197  11:49  Zergling x8  
  187  12:03  Zergling x4  
  187  12:04  Zergling x32  
  187  12:08  Mutalisk x4  
  184  12:10  Drone x4  
  185  12:19  Zergling x20  
  185  12:21  Drone x5  
  198  12:24  Drone x3  
  198  12:25  Drone x2  
  197  12:33  Baneling  
  197  12:34  Baneling x14  
  196  12:38  Drone x3  
  198  13:07  Baneling x9  
  198  13:08  Baneling x6  
  198  13:09  Baneling  
  183  13:21  Zergling x24  
  194  13:27  Zergling x10  
  194  13:31  Ultralisk Cavern  
  194  13:33  Baneling x4  
  194  13:34  Baneling x3  
  193  13:42  Zergling x2  
  193  13:43  Zergling x24  
  179  14:02  Zergling x22  
  168  14:03  Zergling x4  
  168  14:07  Baneling x15  
  169  14:10  Zergling x10  
  169  14:15  Queen, Drone x4  
  178  14:18  Drone  
  178  14:20  Ultralisk  
  181  14:25  Zergling x4  
  181  14:26  Drone x2  
  181  14:27  Drone x2  
  181  14:28  Drone x2  
  181  14:29  Drone  
  186  14:34  Ultralisk  
  190  14:41  Zergling x10  
  195  14:51  Baneling x6  
  195  14:52  Hatchery  
  192  15:02  Baneling  
  192  15:03  Zergling x2, Baneling x9  
  192  15:04  Zergling x16  
  183  15:14  Zergling x24  
Show
View Real Time Build Order
Export as new Build Order

Bunny Terran 

Build Orders: Hellion Opening, Reaper Expand 

Get SALT Encoding   

  12  0:00  SCV  
  13  0:13  SCV  
  14  0:17  Supply Depot  
  14  0:25  SCV  
  15  0:38  SCV  
  15  0:39  Barracks  
  16  0:43  Refinery  
  16  0:50  SCV  
  17  1:02  SCV  
  18  1:15  SCV  
  19  1:27  Reaper, Orbital Command  
  20  1:39  Command Center  
  20  1:52  Supply Depot  
  20  1:53  SCV  
  21  1:59  Marine  
  22  2:05  SCV  
  22  2:08  Factory  
  23  2:14  Refinery  
  23  2:17  SCV  
  23  2:21  Barracks Reactor  
  24  2:29  SCV  
  25  2:41  SCV  
  26  2:51  Orbital Command  
  26  2:53  SCV  
  26  2:54  Starport  
  27  3:03  Hellion  
  27  3:04  Hellion  
  31  3:05  SCV  
  31  3:06  Marine  
  33  3:16  SCV  
  33  3:18  SCV, Supply Depot  
  35  3:24  Hellion  
  35  3:25  Hellion  
  39  3:28  SCV  
  39  3:30  SCV  
  39  3:34  Fusion Core  
  41  3:38  Viking  
  43  3:42  SCV x2  
  43  3:46  Hellion  
  43  3:47  Hellion  
  49  3:49  Supply Depot  
  49  3:53  Barracks Tech Lab  
  49  3:54  SCV x2  
  51  4:05  Armory  
  51  4:13  SCV x2  
  53  4:18  Hellion x2  
  53  4:19  Supply Depot  
  53  4:20  Medivac  
  59  4:25  SCV x2  
  59  4:30  Command Center  
  61  4:39  Stimpack  
  61  4:41  SCV x2  
  63  4:53  Barracks, SCV x2  
  63  4:55  Barracks  
  63  4:56  Supply Depot  
  65  5:03  Supply Depot  
  65  5:05  SCV x2  
  65  5:06  Marine  
  68  5:07  Factory Reactor  
  68  5:10  Engineering Bay  
  68  5:11  Engineering Bay  
  68  5:13  Starport Reactor  
  68  5:17  SCV x2  
  70  5:27  Refinery x2  
  70  5:29  SCV x2  
  72  5:38  Marine  
  72  5:40  Terran Infantry Armor Level 1, Terran Infantry Weapons Level 1  
  67  5:48  Marine  
  67  5:49  Marine, SCV x2  
  64  5:55  Marine  
  64  5:56  Orbital Command  
  63  5:59  Factory Tech Lab, Medivac x2  
  63  6:02  Marine x2  
  63  6:03  SCV  
  63  6:04  SCV  
  71  6:06  Marine x2  
  71  6:10  Barracks  
  73  6:17  Marine  
  74  6:19  Siege Tank, Orbital Command  
  74  6:20  Marine x2  
  74  6:24  Marine, Barracks  
  74  6:25  SCV x2  
  82  6:29  Medivac x2  
  86  6:34  Supply Depot  
  86  6:35  Marine x2  
  86  6:38  Marine x2  
  90  6:41  SCV x2  
  90  6:42  Marine, Combat Shield  
  90  6:46  SCV  
  94  6:51  Supply Depot x2  
  94  6:53  SCV  
  95  6:54  Siege Tank  
  95  6:59  SCV x2, Medivac  
  102  7:05  SCV  
  102  7:08  Marine  
  100  7:11  Barracks Reactor x2  
  100  7:12  Marine x4  
  100  7:13  Orbital Command  
  92  7:19  Armory  
  92  7:22  SCV x2  
  91  7:24  Medivac  
  91  7:26  Marine  
  94  7:30  Marine  
  92  7:37  SCV x2  
  92  7:40  SCV  
  92  7:42  Marine x3  
  92  7:44  Marine, Siege Tank  
  94  7:48  Marine  
  94  7:49  Marine x3, SCV x2  
  94  7:50  Marine  
  94  7:51  Medivac  
  106  7:53  SCV  
  106  7:54  Medivac  
  106  7:56  Refinery  
  109  8:00  Supply Depot  
  109  8:02  Supply Depot  
  109  8:09  Supply Depot x2  
  109  8:12  Terran Infantry Weapons Level 2  
  109  8:13  Marine x2, SCV  
  109  8:15  SCV  
  109  8:16  Marine  
  109  8:19  Marine  
  109  8:21  Marine x5  
  109  8:22  SCV  
  109  8:24  Siege Tank  
  109  8:25  SCV  
  119  8:27  Medivac  
  119  8:30  Marine x2  
  119  8:33  Marine, Medivac  
  119  8:34  SCV x2  
  125  8:37  Marine, SCV  
  128  8:41  Supply Depot  
  128  8:42  Marine  
  128  8:43  Marine x4, Supply Depot  
  128  8:46  SCV  
  134  8:50  Marine x2, Barracks x2  
  134  8:51  Marine  
  136  8:58  Sensor Tower  
  136  9:04  Barracks  
  136  9:06  Marauder  
  136  9:07  Concussive Shells  
  136  9:09  Missile Turret  
  138  9:11  Missile Turret  
  138  9:16  Supply Depot  
  138  9:19  Marine x8  
  146  9:27  Marine  
  150  9:37  Marine x7  
  150  9:38  Factory, Terran Infantry Armor Level 2  
  151  9:39  Terran Vehicle And Ship Armor Level 1  
  151  9:40  Barracks Tech Lab, Barracks Reactor  
  142  9:45  Medivac x2  
  142  9:47  Marine x2  
  146  9:55  Marine  
  128  10:01  Marine  
  128  10:02  Marine x5  
  128  10:06  Thor  
  126  10:09  Marauder x2  
  126  10:12  Marine x2  
  127  10:17  Marine  
  127  10:18  Marine  
  127  10:19  Marine  
  127  10:20  Marine x4, Barracks Tech Lab  
  127  10:23  Factory Reactor  
  127  10:27  Marine  
  126  10:30  Marine  
  127  10:37  Drilling Claws  
  127  10:39  Marine x4, Command Center  
  127  10:40  Marine x3  
  134  10:46  Marine  
  135  10:52  Missile Turret  
  135  10:53  Marauder x2  
  135  10:55  Marine x3  
  142  10:57  Marine x5  
  142  11:01  Medivac x2  
  151  11:06  Terran Infantry Weapons Level 3  
  151  11:14  Marauder x2  
  151  11:15  Widow Mine x3  
  161  11:20  Marine, Missile Turret  
  161  11:21  Marine  
  161  11:23  Marine x2  
  165  11:27  Supply Depot  
  165  11:28  Supply Depot  
  165  11:29  Supply Depot x2  
  165  11:42  Missile Turret x2  
  165  11:49  Widow Mine x3, Medivac x2  
  165  11:52  Marauder x2  
  165  11:54  Marine x5  
  177  11:59  Marine x3  
  160  12:04  Orbital Command  
  154  12:09  Marine x3  
  154  12:11  Marine  
  154  12:12  Marine x4  
  142  12:23  Medivac  
  142  12:24  Medivac  
  142  12:26  Widow Mine x2  
  145  12:34  Planetary Fortress  
  140  12:41  Sensor Tower  
  140  12:47  Missile Turret  
  140  12:51  Marine x6, Sensor Tower  
  140  12:55  Marine x4  
  150  13:01  Supply Depot  
  150  13:03  Marine x3, Supply Depot  
  150  13:09  Marine x6  
  149  13:13  Marine x4  
  139  13:24  Marine, Marauder x2  
  139  13:27  Marine x6  
  143  13:30  Supply Depot  
  143  13:31  Marine x4  
  153  13:36  Widow Mine x3  
  154  13:50  Marauder x2  
  154  13:51  Marine x6  
  154  13:54  Marine x5  
  154  14:09  Marine x6  
  157  14:11  Marine x3  
  157  14:12  Marine x3  
  157  14:18  Widow Mine x2  
  157  14:21  Marine  
  152  14:27  Marine  
  152  14:29  Marine  
  154  14:42  Marauder  
  154  14:44  Marine  
  157  14:46  Orbital Command  
  157  14:51  Missile Turret  
  157  15:03  Marine  
  157  15:05  Marine  
  157  15:06  Marine  
  157  15:07  Marauder x2, Widow Mine  
  116  15:16  Marine x2  

Tags
 
Add a new tag
Caveats
  • Supply blocks, unpowered buildings, or Contaminate may cause inaccurate times.
  • Supply counts are checked every 10 seconds.